 Dungeon Crawl Stone Soup version 0.27-a0-1280-g9d2d252d84 (webtiles) character file.

Game seed: 3396475659059888132

106 EiAlmux the Digger (level 4, -1/25 HPs)
             Began as a Gargoyle Earth Elementalist on June 13, 2021.
             Slain by an ice beast (5 damage)
             ... on level 3 of the Dungeon.
             The game lasted 00:05:38 (2658 turns).

EiAlmux the Digger (Gargoyle Earth Elementalist)    Turns: 2658, Time: 00:05:39

Health: -1/25      AC:  6    Str: 11    XL:     4   Next: 84%
Magic:  0/7        EV: 11    Int: 17    God:
Gold:   173        SH:  0    Dex: 10    Spells: 2/8 levels left

rFire    . . .     SeeInvis .   g - +0 short sword
rCold    . . .     Faith    .   (no shield)
rNeg     + . .     Spirit   .   c - +0 robe
rPois    ∞         Reflect  .   k - +0 helmet
rElec    +         Harm     .   (no cloak)
rCorr    .         Rampage  .   (no gloves)
Will     .....                  (no boots)
Stlth    ++........             (no amulet)
HPRegen  0.08/turn              (no ring)
MPRegen  0.10/turn              (no ring)

@: no status effects
A: sickness immunity, AC +3, negative energy resistance 1, electricity
resistance, torment resistance 1, petrification resistance
a: no special abilities


You were on level 3 of the Dungeon.
You visited 1 branch of the dungeon, and saw 3 of its levels.

You collected 173 gold pieces.

Inventory:

Hand Weapons
 d - a +0 club
 g - a +0 short sword (weapon)
Armour
 c - a +0 robe (worn)
 i - a +0 leather armour
 k - a +0 helmet (worn)
Wands
 j - a wand of flame (12)
Scrolls
 a - a scroll of identify {unknown}
 e - 3 scrolls of teleportation {unknown}
 f - a scroll of immolation {unknown}
 l - 2 scrolls of silence {unknown}
 m - a scroll of brand weapon {unknown}
 n - a scroll of holy word {unknown}
 o - a scroll of blinking {unknown}
 p - a scroll of fear {unknown}
Potions
 h - a potion of might
 q - a potion of lignification {unknown}


   Skills:
 + Level 1.5 Fighting
 - Level 1.5 Dodging
 + Level 3.1 Stealth
 + Level 2.5 Spellcasting
 + Level 1.5 Conjurations
 + Level 1.5 Transmutations
 + Level 4.2 Earth Magic


You had 2 spell levels left.
You knew the following spells:

 Your Spells              Type           Power      Damage    Failure   Level
a - Sandblast             Erth           32%        2d9       3%          1
b - Passwall              Tmut/Erth      10%        N/A       9%          2
c - Stone Arrow           Conj/Erth      24%        3d8       17%         3

Your spell library contained the following spells:

 Spells                   Type           Power      Damage    Failure   Level
 Magic Dart               Conj           28%        1d4       10%         1
 Animate Skeleton         Necr           4%         N/A       19%         1
 Pain                     Necr           8%         1d4       19%         1
 Blink                    Tloc           N/A        N/A       28%         2
 Call Imp                 Summ           2%         N/A       28%         2
 Slow                     Hex            2%         N/A       28%         2
 Conjure Flame            Conj/Fire      4%         6-21      38%         3
 Mephitic Cloud           Conj/Pois/Air  3%         N/A       41%         3
 Vampiric Draining        Necr           1%         2d6       50%         3
 Petrify                  Tmut/Erth      12%        N/A       50%         4
 Lee's Rapid Deconstruct  Erth           8%         3d8*      65%         5
 Animate Dead             Necr           1%         N/A       88%         4
 Agony                    Necr           2%         N/A       99%         5


Dungeon Overview and Level Annotations

Branches:
Dungeon (3/15)

Altars:

Annotations:
D:2 Robin


Innate Abilities, Weirdness & Mutations

You are immune to sickness and miasma.
Your stone body is resilient. (AC +3)
You are immune to poison.
You resist negative energy. (rN+)
You are resistant to electric shocks. (rElec)
You are resistant to unholy torment.
You are immune to petrification.


Message History

Confirm with . or Enter, or press ? or * to list all spells.
You don't have any stones to cast with.
Unknown command.
Casting: Sandblast (safe; 3% risk of failure)
Confirm with . or Enter, or press ? or * to list all spells.
You don't have any stones to cast with.
A worm comes into view.
Casting: Sandblast (safe; 3% risk of failure)
Confirm with . or Enter, or press ? or * to list all spells.
You don't have any stones to cast with.
You hit the ice beast but do no damage.
The ice beast is lightly wounded.
The ice beast hits you but does no damage.
You hit the ice beast but do no damage.
The ice beast is lightly wounded.
The ice beast hits you. The ice beast freezes you.
You barely miss the ice beast.
The ice beast is lightly wounded.
The ice beast hits you but does no damage.
You closely miss the ice beast.
The ice beast is lightly wounded.
The ice beast hits you but does no damage.
Casting: Sandblast (safe; 3% risk of failure)
Confirm with . or Enter, or press ? or * to list all spells.
You don't have any stones to cast with.
Unknown command.
Casting: Sandblast (safe; 3% risk of failure)
Confirm with . or Enter, or press ? or * to list all spells.
You don't have any stones to cast with.
Casting: Sandblast (safe; 3% risk of failure)
Confirm with . or Enter, or press ? or * to list all spells.
Aiming: Passwall (safe; 9% risk of failure)
Press: ? - help, Dir - move target, p - ice beast A rock wall.
The ice beast hits you but does no damage.
You begin to meditate on the wall.
You continue meditating on the rock.
The ice beast hits you.
* * * LOW HITPOINT WARNING * * *
The ice beast freezes you.
You die...

#.#.# #.# #..#.#####.#
#.#.####.#####..#.#.....#.#
###.#......#.#......#.#........
...................w...........
.##.#.#.##.#.......Y#.........#
# #.##.###[#.......^###....
#.##.# #w#.######.# .## #.##..
#Y#.# #.# #.######@#.# #.#
#....w...#.# #.#
.####...#####.# #..
....'..†....... #
.####...#####.. . #......# .##
#####....######..##
.....[..............
######.###..........


You could see an ice beast and 2 worms.

Vanquished Creatures
  Jessica (D:2)
  Natasha (D:2)
  2 ball pythons (D:2)
  8 bats (D:1)
  5 endoplasms (D:1)
  5 giant cockroaches
  7 goblins
  5 hobgoblins
  3 jackals (D:1)
  A quokka (D:1)
  A frilled lizard (D:1)
  6 kobolds
  3 rats
48 creatures vanquished.

Vanquished Creatures (others)
  4 toadstools (D:1)
4 creatures vanquished.

Grand Total: 52 creatures vanquished

Notes
Turn   | Place    | Note
-------+----------+-------------------------------------------
     0 | D:1      | EiAlmux the Gargoyle Earth Elementalist began the quest for
                  | the Orb.
     0 | D:1      | Reached XP level 1. HP: 10/10 MP: 3/3
   227 | D:1      | Reached XP level 2. HP: 10/16 MP: 3/5
   235 | D:1      | Reached skill level 1 in Transmutations
   715 | D:1      | Found a faded altar of an unknown god.
  1159 | D:1      | Reached skill level 1 in Fighting
  1163 | D:1      | Reached XP level 3. HP: 15/20 MP: 4/6
  1527 | D:2      | Learned a level 2 spell: Passwall
  1562 | D:2      | Reached skill level 1 in Conjurations
  1712 | D:2      | Reached skill level 4 in Earth Magic
  1754 | D:2      | Noticed Jessica
  1759 | D:2      | Killed Jessica
  1760 | D:2      | Reached XP level 4. HP: 21/25 MP: 1/7
  1880 | D:2      | Noticed Natasha
  1887 | D:2      | Killed Natasha
  2126 | D:2      | Noticed Robin
  2533 | D:3      | Learned a level 3 spell: Stone Arrow
  2628 | D:3      | Noticed an ice beast
  2658 | D:3      | Slain by an ice beast

Illustrated notes

Levels and vault maps discovered:
D:1:      kennysheep_arrival_forest, layout_rooms,
          shapermc_ecumenical_altar_mp_urbaneastern, minmay_gold_behind_fungi
D:2:      layout_basic, kennysheep_decorative_pillar, skrybe_limestone_x,
          minmay_misc_feat_tiny, minmay_misc_feat_hallway, minmay_tetromino_o4,
          uniq_natasha, uniq_jessica, uniq_crazy_yiuf_cottage, uniq_robin
D:3:      layout_basic

Skill      XL: |  1  2  3 |
---------------+----------+-----
Transmutations | 1 |  1.5
Fighting       | 1 |  1.5
Conjurations   | 1 |  1.5
Earth Magic    | 4 |  4.2
Stealth        | 3 |  3.1
Dodging        | |  1.5
Spellcasting   | |  2.5

Action                   |  1- 3 |  4- 6 || total
-------------------------+-------+-------++-------
Melee: Club              |    27 |       ||    27
       Unarmed           |     2 |       ||     2
       Short sword       |    50 |    45 ||    95
 Cast: Sandblast         |    35 |    11 ||    46
       Passwall          |       |     2 ||     2
 Stab: Sleeping          |     1 |       ||     1
Armor: Robe              |    46 |    27 ||    73
Dodge: Dodged            |    77 |    40 ||   117

Table legend: (Time is in decaauts)
 A = Elapsed time spent in this place.
 B = Non-inter-level travel time spent in this place.
 C = Inter-level travel time spent in this place.
 D = Time resting spent in this place.
 E = Time spent auto-exploring this place.
 F = Levels seen in this place.
 G = Mean time per level.
                   A        B        C        D        E       F      G
               +--------+--------+--------+--------+--------+-----+--------+
         Total |   2674 |   2615 |     59 |    292 |   1937 |   3 |  891.3 |
       Dungeon |   2674 |   2615 |     59 |    292 |   1937 |   3 |  891.3 |
               +--------+--------+--------+--------+--------+-----+--------+

Top non-repeatable levels by time:
     D:1: 1533 daAuts
     D:2: 643 daAuts
     D:3: 497 daAuts
